Map: Prion Terraces

Players

ILLBdA

  • Race: Protoss Protoss
  • League: Diamond

hautciel - Winner!

  • Race: Terran Terran
  • League: Diamond

VOD

Have the link to the VOD?

Description

Time

  • Played on: Dec. 13, 2015, 6:36 a.m.
  • Length: 3:35
Show
View Real Time Build Order
Export as new Build Order

ILLBdA Protoss 

Build Orders: 1 Gate Expand 

Get SALT Encoding   

  12  0:01  Probe (Chrono Boost)  
  13  0:11  Probe (Chrono Boost)  
  14  0:20  Pylon  
  14  0:22  Probe (Chrono Boost)  
  15  0:38  Probe (Chrono Boost), Gateway  
  16  0:48  Probe (Chrono Boost)  
  17  0:50  Assimilator  
  17  0:59  Probe (Chrono Boost)  
  18  1:10  Probe (Chrono Boost)  
  19  1:20  Nexus  
  19  1:22  Probe (Chrono Boost)  
  20  1:30  Zealot (Chrono Boost)  
  22  1:41  Cybernetics Core  
  22  1:55  Pylon  
  24  2:18  Stalker (Chrono Boost)  
  22  2:28  Probe  
  23  2:37  Probe  
  23  2:40  Probe  
  27  2:44  Adept (Chrono Boost)  
  27  2:47  Pylon  
  27  2:52  Probe  
  28  3:11  Adept (Chrono Boost)  
Show
View Real Time Build Order
Export as new Build Order

hautciel Terran - Winner!

Build Orders:  

Get SALT Encoding   

  12  0:01  SCV  
  13  0:16  Supply Depot  
  13  0:20  SCV  
  14  0:40  SCV  
  15  0:43  Barracks  
  15  0:44  Refinery  
  15  0:52  SCV  
  17  1:04  SCV  
  17  1:09  Barracks  
  17  1:16  SCV  
  18  1:32  Bunker  
  18  1:34  Marine  
  19  1:40  SCV  
  19  1:46  Supply Depot  
  21  1:54  Barracks Tech Lab  
  20  2:06  Marine  
  21  2:10  Orbital Command  
  21  2:17  Marauder  
  22  2:24  Marine  
  22  2:25  Concussive Shells  
  23  2:39  Marauder  
  25  2:44  Marine  
  26  2:56  Bunker  
  26  3:00  Marauder  
  26  3:02  Marine  
Tags
 
Add a new tag
Caveats
  • Supply blocks, unpowered buildings, or Contaminate may cause inaccurate times.
  • Supply counts are checked every 10 seconds.